 Dungeon Crawl Stone Soup version 0.23.2-1-ga50397a (webtiles) character file.

Game seed: 12230375554814411005

395 Fang the Skirmisher (level 6, -2/40 HPs)
             Began as a Gargoyle Berserker on Apr 29, 2019.
             Was a Priest of Trog.
             Slain by a phantom (5 damage)
             ... on level 4 of the Dungeon.
             The game lasted 00:02:40 (3828 turns).

Fang the Skirmisher (Gargoyle Berserker)            Turns: 3828, Time: 00:02:40

Health: -2/40      AC:  6    Str: 23    XL:     6   Next: 82%
Magic:  6/6        EV: 13    Int:  7    God:    Trog [***...]
Gold:   240        SH:  2    Dex:  9    Spells: 5/5 levels left

rFire    . . .     SeeInvis .   a - +0 war axe
rCold    . . .     Gourm    .   (no shield)
rNeg     + . .     Faith    .   b - +0 animal skin
rPois    ∞         Spirit   .   (no helmet)
rElec    +         Reflect  +   (no cloak)
rCorr    .         Harm     .   (no gloves)
MR       .....                  (no boots)
Stlth    +.........             m - +2 amulet of reflection
HPRegen  0.13/turn              (no ring)
MPRegen  0.10/turn              (no ring)

@: no status effects
A: negative energy resistance 1, electricity resistance, unbreathing,
petrification resistance, rot immunity, AC +4
a: Berserk, Trog's Hand, Renounce Religion


You were on level 4 of the Dungeon.
You worshipped Trog.
Trog was most pleased with you.
You were near starving.

You visited 1 branch of the dungeon, and saw 4 of its levels.

You collected 240 gold pieces.

Inventory:

Hand Weapons
 a - a +0 war axe (weapon)
Armour
 b - a +0 animal skin (worn)
Jewellery
 m - a +2 amulet of reflection (around neck)
Scrolls
 d - 4 scrolls of identify {unknown}
 e - 2 scrolls of random uselessness {unknown}
 f - 3 scrolls of amnesia {unknown}
 g - a scroll of remove curse {unknown}
 h - a scroll of fear {unknown}
 i - a scroll of blinking {unknown}
 k - a scroll of teleportation {unknown}
Potions
 j - a potion of flight {unknown}
 n - a potion of lignification {unknown}
 o - a potion of brilliance {unknown}
Comestibles
 c - 3 rations


   Skills:
 + Level 4.9 Fighting
 + Level 4.1 Axes
 + Level 4.2 Armour
 + Level 3.1 Dodging


You had 5 spell levels left.
You didn't know any spells.
Your spell library was empty.

Dungeon Overview and Level Annotations

Branches:
Dungeon (4/15)
 Temple: D:4-7

Altars:
Cheibriados
Hepliaklqana
Zin

Shops:
D:2 *


Innate Abilities, Weirdness & Mutations

You are resistant to torment.
Your stone body is resilient. (AC +4)
You are immune to poison.
You resist negative energy. (rN+)
You are resistant to electric shocks. (rElec)
You can survive without breathing.
You are immune to petrification.
You are immune to rotting.


Message History

The phantom blinks!
You swing at nothing.
You swing at nothing.
You closely miss the phantom. The phantom hits you.
* * * LOW HITPOINT WARNING * * *
You closely miss the phantom.
The phantom blinks!
You swing at nothing.
You swing at nothing.
You hit the phantom but do no damage. The phantom hits you.
* * * LOW HITPOINT WARNING * * *
You completely miss the phantom.
The phantom hits you but does no damage.
You block the phantom's attack.
You closely miss the phantom.
The phantom hits you but does no damage.
You barely miss the phantom. The phantom barely misses you.
You hit the phantom but do no damage. The phantom hits you.
* * * LOW HITPOINT WARNING * * *
You closely miss the phantom. The phantom hits you.
You die...

.....)..#.#.....<...#.#
........#.#........##.#
........#.............#
............########..#
#.#########........#..#
#.# #.######.#..# #.#
######.#......#..# #.#
..........####.#..# ..#
)..........W@.<#..# ..#
.........#######..# ..#
.........+ #.#
.........# #.#
#######... #.# #.## #.#
#. #.# ## #.#


You could see a phantom.

Vanquished Creatures
  Eustachio (D:4)
  A hound (D:4)
  An orc priest (D:3)
  Jessica (D:2)
  2 worker ants (D:4)
  5 adders
  4 worms
  A dart slug (D:1)
  A leopard gecko (D:3)
  6 orcs
  9 bats
  3 giant cockroaches
  8 goblins
  6 hobgoblins
  8 jackals (D:3)
  A quokka (D:2)
  6 frilled lizards
  8 kobolds
  6 rats
78 creatures vanquished.

Notes
Turn   | Place    | Note
-------+----------+-------------------------------------------
     0 | D:1      | Fang the Gargoyle Berserker began the quest for the Orb.
     0 | D:1      | Reached XP level 1. HP: 14/14 MP: 1/1
    57 | D:1      | Reached XP level 2. HP: 12/19 MP: 2/2
   851 | D:2      | Reached XP level 3. HP: 23/23 MP: 3/3
   893 | D:2      | Found Zin's Purification Station.
   982 | D:2      | Found a glowing silver altar of Zin.
  1124 | D:2      | Noticed Jessica
  1130 | D:2      | Killed Jessica
  1130 | D:2      | Reached ** piety under Trog
  1130 | D:2      | Reached XP level 4. HP: 23/29 MP: 4/4
  1587 | D:2      | Found a snail-covered altar of Cheibriados.
  2014 | D:3      | Reached XP level 5. HP: 30/33 MP: 5/5
  2108 | D:3      | Found a hazy altar of Hepliaklqana.
  2545 | D:4      | Noticed Eustachio
  2565 | D:4      | Killed Eustachio
  2565 | D:4      | Reached XP level 6. HP: 11/39 MP: 6/6
  3053 | D:4      | Reached *** piety under Trog
  3706 | D:4      | Noticed a phantom
  3828 | D:4      | Slain by a phantom

Skill      XL: |  1  2  3  4  5  6 |
---------------+-------------------+-----
Axes           | 3 4 |  4.1
Dodging        | 2 3 |  3.1
Armour         | 3 4 |  4.2
Fighting       | 4 |  4.9

Action                   |  1- 3 |  4- 6 || total
-------------------------+-------+-------++-------
Melee: Hand axe          |    98 |   132 ||   230
       War axe           |       |    60 ||    60
Invok: Berserk           |     1 |     4 ||     5
  Eat: Chunk             |     2 |     7 ||     9
       Ration            |       |     1 ||     1
Armor: Animal skin       |    39 |    83 ||   122
Dodge: Dodged            |    75 |   157 ||   232
Block: Other             |       |     6 ||     6
